 Dungeon Crawl Stone Soup version 0.32-a0-391-gce5c0aab1b (webtiles) character file.

Game seed: 7275494645569781798

282 zeratav the Sneak (level 6, -2/36 HPs)
             Began as an Octopode Conjurer on Feb 19, 2024.
             Slain by Pikel
             ... wielding a +1 whip of freezing
              (4 damage)
             ... on level 4 of the Dungeon.
             The game lasted 00:04:21 (3305 turns).

zeratav the Sneak (Octopode Conjurer)               Turns: 3305, Time: 00:04:21

Health: -2/36      AC:  1    Str:  6    XL:     6   Next: 28%
Magic:  2/12       EV: 13    Int: 22    God:
Gold:   237        SH:  0    Dex: 17    Spells: 11/14 levels left

rFire   . . .        t - +2 dagger (venom) {short}
rCold   . . .        (no shield)
rNeg    . . .        (helmet restricted)
rPois   .            f - amulet of regeneration
rElec   .            d - +6 ring of dexterity
rCorr   .            (no ring)
SInv    .            (no ring)
Will    .....        (no ring)
Stlth   ++++         (no ring)
HPRegen 1.06/turn    (no ring)
MPRegen 0.13/turn    (no ring)
                     (no ring)

%: no passive effects
@: no status effects
A: almost no armour, amphibious, 8 rings, camouflage 1, gelatinous body 1,
(nimble swimmer 1), tentacles
a: no special abilities


You were on level 4 of the Dungeon.
You visited 1 branch of the dungeon, and saw 4 of its levels.

You collected 237 gold pieces.


Innate Abilities, Weirdness & Mutations

You cannot wear most types of armour.
You are amphibious.
You can wear up to eight rings at the same time.
Your skin changes colour to match your surroundings (Stealth+).
Your rubbery body absorbs attacks. (AC +1, EV +1)
((You are camouflaged when in or above water. (Stealth+)))
You have tentacles for arms and can constrict up to eight enemies at once.


   Skills:
 - Level 2.0 Dodging
 - Level 5.0 Stealth
 + Level 4.6 Spellcasting
 + Level 4.8 Conjurations


You had 11 spell levels left.
You knew the following spells:

 Your Spells              Type           Power      Damage    Failure   Level
a - Magic Dart            Conj           100%       1d8       1%          1
b - Searing Ray           Conj           52%        2d6       2%          2

Your spell library contained the following spells:

 Spells                   Type           Power      Damage    Failure   Level
 Momentum Strike          Conj/Tloc      30%        3d8       6%          2
 Blink                    Tloc           10%        N/A       16%         2
 Lesser Beckoning         Tloc           10%        N/A       16%         2
 Call Canine Familiar     Summ           5%         N/A       32%         3
 Gell's Gravitas          Tloc           5%         N/A       32%         3
 Sigil of Binding         Hex            5%         N/A       32%         3
 Teleport Other           Tloc           5%         N/A       32%         3
 Fulminant Prism          Conj/Alch      7%         3d6       36%         4
 Iskenderun's Mystic Bla  Conj/Tloc      15%        2d5       36%         4
 Dimensional Bullseye     Hex/Tloc       2%         N/A       71%         4
 Dispersal                Tloc           2%         N/A       100%        6

Inventory:

Hand Weapons
 t - a +2 dagger of venom (weapon) {short}
   (You took it off an orc on level 4 of the Dungeon)
Jewellery
 d - a +6 ring of dexterity (left tentacle)
   (You found it on level 1 of the Dungeon)
 f - an amulet of regeneration (around mantle)
   (You found it on level 2 of the Dungeon)
 k - a ring of ice
   (You found it on level 2 of the Dungeon)
 q - a ring of flight
   (You found it on level 4 of the Dungeon)
Scrolls
 b - a scroll of fog {unknown}
 c - a scroll of noise {unknown}
 i - 2 scrolls of amnesia {unknown}
 l - 2 scrolls of teleportation {unknown}
 m - 4 scrolls of identify {unknown}
 p - 2 scrolls of summoning {unknown}
Potions
 a - a potion of magic
 e - a potion of invisibility {unknown}
 h - a potion of lignification {unknown}
 j - 4 potions of degeneration {unknown}
 n - a potion of mutation {unknown}
 o - a potion of curing {unknown}
 s - a potion of heal wounds {unknown}

Dungeon Overview and Level Annotations

Branches:
Dungeon (4/15) Zot: 20696
 Temple: D:4-7

Altars:
Wu Jian

Annotations:
D:4 exclusion: phantom, Pikel

#.......#.##
##..
#..........#
#..#
#........###
####
#....)...#
#.
#.......##
#.
##...^...##
#.
#.........#
#.
#.#'#.##>.#
#.
#.#@#.##.##
## #
#K#....#
#5#...##
#5##..# ##
...#.## #.
._.#.# #.
...#.. #.
##.##.. #.
..# ##.


You could see Pikel and 2 lemures.


Message History

You kill the orc!
HP[+1] No target in view!
t - a +2 dagger of venom {short} You see here an orc corpse.
HP[+2]
You regained 2 hp, and now have 28/36 hp.
Your +2 dagger of venom {short} begins to drip with poison!
t - a +2 dagger of venom (weapon)
{short} HP[+1]
You drop a +0 dagger {short}.
You drop a +2 mace of pain {mace}.
HP[+2]
You regained 2 hp, and now have 31/36 hp.
Things that are here:
a +0 hand axe {axe}; a +0 whip {mace}; a +0 leather armour You open the door.
There is an open door here.
You see here a +0 falchion {long}.
Found a stone staircase leading down.
HP[+5]
Your hp is fully restored (36).
You now have 237 gold pieces (gained 10).
You see here a +0 long sword {long}.
There is a stone staircase leading down here.
You open the door.
A lemure comes into view.
Found an ornate altar of the Wu Jian Council. 2 lemures come into view.
There is an open door here.
Pikel, Merchant of Souls comes into view.
He is wielding a +1 whip of freezing.
The magic dart hits the lemure.
The lemure shouts! x2; Pikel shouts!
MP[-1]
You lost 1 mp, and now have 11/12 mp.
Casting: Magic Dart (safe; 1% risk of failure)
Confirm with . or Enter, or press ? or * to list all spells.
Aiming: Searing Ray (safe; 2% risk of failure)
Press: ? - help, Shift-Dir - straight line, f - lemure, p - lemure
Aim: a lemure (74% to hit)
The searing ray hits the lemure.
The searing ray hits the lemure! (Press . to maintain the ray.)
The lemure shouts!
MP[-2]
You lost 2 mp, and now have 9/12 mp.
The searing ray hits the lemure. x2
A lemure comes into view.
MP[-1]
You lost 1 mp, and now have 8/12 mp.
The searing ray hits the lemure. x2; The searing ray hits Pikel.
Pikel cracks his whip.
The lemure barely misses you.
MP[-1]
You lost 1 mp, and now have 7/12 mp.
The searing ray hits the lemure.
The searing ray hits the lemure!
The searing ray misses Pikel.
The searing ray hits the lemure.
You finish channelling your searing ray.
The lemure shouts!
The lemure hits you!
HP[-7] MP[-1]
You take 7 damage, and now have 29/36 hp.
You lost 1 mp, and now have 6/12 mp.
Casting: Searing Ray (safe; 2% risk of failure)
Confirm with . or Enter, or press ? or * to list all spells.
Aiming: Searing Ray (safe; 2% risk of failure)
Press: ? - help, Shift-Dir - straight line, f - lemure, p - lemure
Aim: a lemure (lightly wounded, 74% to hit)
The searing ray hits the lemure. x2
You kill the lemure!
That felt strangely unrewarding.
The searing ray hits Pikel!
The searing ray hits the lemure. (Press . to maintain the ray.)
The lemure hits you.
HP[-5] MP[-2]
You take 5 damage, and now have 24/36 hp.
You lost 2 mp, and now have 4/12 mp.
The searing ray hits the lemure.
You kill the lemure!
That felt strangely unrewarding.
The searing ray hits Pikel.
The searing ray hits the lemure.
Pikel cracks his whip.
HP[+1] MP[-1]
You lost 1 mp, and now have 3/12 mp.
The searing ray hits Pikel.
The searing ray misses the lemure.
The searing ray hits the lemure.
Pikel hits you with a +1 whip of freezing!
* * * LOW HITPOINT WARNING * * *
Pikel freezes you.
* * * LOW HITPOINT WARNING * * *
HP[-12]
You take 12 damage, and now have 13/36 hp.
MASSIVE DAMAGE!! (PAUSE)
The searing ray hits Pikel but does no damage.
The searing ray hits the lemure!
The searing ray hits the lemure.
You finish channelling your searing ray.
Pikel hits you with a +1 whip of freezing!
* * * LOW HITPOINT WARNING * * *
Pikel freezes you.
You die...
Pikel says, "See you in Hell!"

Skill      XL: |  1  2  3  4  5 |
---------------+----------------+-----
Stealth        | 3 4 5 |  5.0
Spellcasting   | 3 4 |  4.6
Dodging        | |  2.0
Conjurations   | |  4.8

Action                     |  1- 3 |  4- 6 || total
---------------------------+-------+-------++-------
  Melee: Unarmed           |    18 |       ||    18
         Tentacles         |     7 |     4 ||    11
         Constrict         |     6 |     4 ||    10
         Punch             |     1 |       ||     1
         Dagger            |    10 |    22 ||    32
   Cast: Magic Dart        |    47 |    62 ||   109
         Searing Ray       |       |     4 ||     4
   Stab: Sleeping          |     4 |     2 ||     6
 Armour: Skin              |    12 |    15 ||    27
  Dodge: Dodged            |    13 |    13 ||    26

Levels and vault maps discovered:
D:1:      minmay_arrival_doors, layout_basic
D:2:      layout_basic, chequers_serial_rivers_room_a
D:3:      layout_basic
D:4:      layout_basic, tso_altar, mainiacjoe_overflow_surrounded_room,
          uniq_pikel

Notes
Turn   | Place    | Note
-------+----------+-------------------------------------------
     0 | D:1      | zeratav the Octopode Conjurer began the quest for the Orb.
     0 | D:1      | Reached XP level 1. HP: 11/11 MP: 3/3
     0 | D:1      | magus.rc [v1.9.6]
   123 | D:1      | Reached skill level 3 in Stealth
   247 | D:1      | Reached XP level 2. HP: 17/17 MP: 1/5
   318 | D:1      | Learned a level 2 spell: Searing Ray
   331 | D:1      | Reached skill level 4 in Stealth
   777 | D:2      | HP: 3/17 [ribbon worm (6)]
   779 | D:2      | Reached XP level 3. HP: 5/21 MP: 1/6
   794 | D:2      | Reached skill level 5 in Stealth
  1450 | D:2      | Reached XP level 4. HP: 27/27 MP: 1/8
  1858 | D:3      | You pick up a book of Spatial Translocations and begin
                  | reading...
  1858 | D:3      | You add the spells Blink, Momentum Strike and Lesser
                  | Beckoning to your library.
  1896 | D:3      | Reached skill level 3 in Spellcasting
  2081 | D:3      | You pick up a book of the Hunter and begin reading...
  2081 | D:3      | You add the spells Sigil of Binding, Call Canine Familiar
                  | and Dimensional Bullseye to your library.
  2290 | D:3      | Reached XP level 5. HP: 31/31 MP: 7/10
  2463 | D:4      | You add the spells Gell's Gravitas, Teleport Other and
                  | Dispersal to your library.
  2568 | D:4      | HP: 5/31 [iguana (11)]
  2570 | D:4      | Reached skill level 4 in Spellcasting
  2702 | D:4      | Noticed a phantom
  2896 | D:4      | Reached XP level 6. HP: 36/36 MP: 1/12
  3294 | D:4      | Found an ornate altar of the Wu Jian Council.
  3296 | D:4      | Noticed Pikel
  3305 | D:4      | HP: 2/36 [Pikel/+1 whip of freezing (12)]
  3305 | D:4      | Slain by Pikel

Vanquished Creatures
  2 lemures (D:4)
  A scorpion (D:4)
  An orc priest (D:4)
  An iguana (D:4)
  4 adders
  2 dart slugs
  4 ribbon worms (D:2)
  9 orcs (D:4)
  4 ball pythons
  2 endoplasms (D:1)
  5 giant cockroaches
  5 goblins
  2 hobgoblins
  7 jackals
  5 quokkas
  3 bats
  A frilled lizard (D:3)
  8 kobolds
  2 rats (D:2)
68 creatures vanquished.

Table legend:
 A = Non-vault XP
 B = Vault XP
 C = Vault XP percentage of total XP
 D = Non-vault monster count
 E = Vault monster count
 F = Vault count percentage of total count
                 A         B        C        D         E       F
            +---------+---------+-------+---------+---------+-------
      Total |     403 |       0 |   0.0 |      66 |       0 |   0.0
            +---------+---------+-------+---------+---------+-------
        D:1 |      24 |       0 |   0.0 |       8 |       0 |   0.0
        D:2 |      62 |       0 |   0.0 |      19 |       0 |   0.0
        D:3 |      79 |       0 |   0.0 |      16 |       0 |   0.0
        D:4 |     238 |       0 |   0.0 |      23 |       0 |   0.0
            +---------+---------+-------+---------+---------+-------

Skill      XL: |  1  2  3  4  5 |
---------------+----------------+-----
Stealth        | 3 4 5 |  5.0
Spellcasting   | 3 4 |  4.6
Dodging        | |  2.0
Conjurations   | |  4.8

Action                     |  1- 3 |  4- 6 || total
---------------------------+-------+-------++-------
  Melee: Unarmed           |    18 |       ||    18
         Tentacles         |     7 |     4 ||    11
         Constrict         |     6 |     4 ||    10
         Punch             |     1 |       ||     1
         Dagger            |    10 |    22 ||    32
   Cast: Magic Dart        |    47 |    62 ||   109
         Searing Ray       |       |     4 ||     4
   Stab: Sleeping          |     4 |     2 ||     6
 Armour: Skin              |    12 |    15 ||    27
  Dodge: Dodged            |    13 |    13 ||    26

Illustrated notes

Table legend:
 A = Kills in this place as a percentage of kills in the entire game.
 B = Kills by you in this place as a percentage of kills by you in the entire game.
 C = Kills by friends in this place as a percentage of kills by friends in the entire game.
 D = Other kills in this place as a percentage of other kills in the entire game.
 E = Experience gained in this place as a percentage of experience gained in the entire game.
 F = Experience gained in this place divided by the number of levels of this place that you have seen.
                   A       B       C       D       E      F
               +-------+-------+-------+-------+-------+----------------------
         Total | 100.0 | 100.0 |   N/A |   N/A | 100.0 | 100.8
       Dungeon | 100.0 | 100.0 |   N/A |   N/A | 100.0 | 100.8
               +-------+-------+-------+-------+-------+----------------------

Table legend: (Time is in decaauts)
 A = Elapsed time spent in this place.
 B = Non-inter-level travel time spent in this place.
 C = Inter-level travel time spent in this place.
 D = Time resting spent in this place.
 E = Time spent auto-exploring this place.
 F = Levels seen in this place.
 G = Mean time per level.
                   A        B        C        D        E       F      G
               +--------+--------+--------+--------+--------+-----+--------+
         Total |   3302 |   3211 |     91 |    237 |   2622 |   4 |  825.5 |
       Dungeon |   3302 |   3211 |     91 |    237 |   2622 |   4 |  825.5 |
               +--------+--------+--------+--------+--------+-----+--------+

Top non-repeatable levels by time:
     D:2: 1197 daAuts
     D:4: 847 daAuts
     D:1: 638 daAuts
     D:3: 619 daAuts
